 Dungeon Crawl Stone Soup version 0.15-a0-1363-g87d8b17 (webtiles) character file.

97 Quh the Magician (level 4, 29/30 HPs)
             Began as a Demonspawn Wizard on June 9, 2014.
             Quit the game on Level 2 of the Dungeon.
             The game lasted 00:16:30 (2516 turns).

Quh the Magician (Demonspawn Wizard)                Turns: 2516, Time: 00:16:30

HP  29/30        AC  3     Str  8      XL: 4   Next: 42%
MP   8/9         EV 12     Int 20      God:
Gold 79          SH  0     Dex 11      Spells:  4 memorised,  2 levels left

rFire  . . .     SeeInvis .     g - +0 dagger
rCold  . . .     Clarity  .     l - +1 robe
rNeg   . . .     rCorr    .     (no shield)
rPois  .         rRot     .     b - +0 hat
rElec  .         Spirit   +     (no cloak)
SustAb .         Warding  .     (no gloves)
rMut   .         Stasis   .     (no boots)
Gourm  .                        (no amulet)
MR     .....                    (no ring)
                                (no ring)

@: not resistant to hostile enchantments, unstealthy
A: talons 1, magic shield
a: no special abilities


You were on level 2 of the Dungeon.
You were not hungry.

You visited 1 branch of the dungeon, and saw 2 of its levels.

You collected 79 gold pieces.

Inventory:

Hand weapons
 g - a +0,+0 dagger (weapon)
Missiles
 e - 44 stones (quivered)
Armour
 a - a +0 robe
 b - a +0 hat (worn)
 l - a +1 robe (worn)
Comestibles
 d - 2 bread rations
 m - a meat ration
 o - a chunk of bat flesh
Scrolls
 h - 2 scrolls of identify {unknown}
Potions
 f - 2 potions of might {unknown}
 i - a potion of heal wounds {unknown}
 j - a potion of magic {unknown}
 k - a potion of degeneration {unknown}
 n - a potion of mutation {unknown}
Books
 c - a book of Minor Magic

   Spells                             Type                      Level
   *Magic Dart                        Conjuration                  1
   *Blink                             Translocation                2
   *Call Imp                          Summoning                    2
   *Repel Missiles                    Charms/Air                   2
   Slow                               Hexes                        2
   Conjure Flame                      Conjuration/Fire             3
   Mephitic Cloud                     Conjuration/Poison/Air       3


   Skills:
 - Level 1.7 Dodging
 - Level 1.7 Stealth
 - Level 3.2 Spellcasting
 * Level 3.2 Conjurations
 * Level 1.7 Summonings
 * Level 1.8 Translocations


You had 2 spell levels left.
You knew the following spells:

 Your Spells              Type           Power        Failure   Level  Hunger
a - Magic Dart            Conj           ###.         3%          1    None
b - Blink                 Tloc           N/A          12%         2    ##.....
c - Call Imp              Summ           ##......     12%         2    ##.....
d - Repel Missiles        Chrm/Air       #.....       24%         2    ##.....


Dungeon Overview and Level Annotations

Branches:
Dungeon (2/15)

Altars:
Gozag


Innate Abilities, Weirdness & Mutations

You have sharp toenails.
When hurt, damage is shared between your health and your magic reserves.


Message History

You see here a gluggy purple potion.
n - a gluggy purple potion You closely miss the bat.
The bat misses you.
You hit the bat.
The bat is heavily wounded.
The bat hits you.
Casting: Call Imp
Confirm with . or Enter, or press ? or * to list all spells.
Aiming: Magic Dart
Press: ? - help, Shift-Dir - straight line, f - bat
Aim: a bat (heavily wounded)
The magic dart hits the bat.
You kill the bat!
You see here a bat corpse.
You start butchering the bat corpse.
You continue butchering the corpse.
You continue butchering the corpse. x2
You finish butchering the bat corpse.
o - a chunk of bat flesh Autopickup is now off.
Are you sure you want to abandon this character and quit the game? (Confirm with "yes".)

.... .. ... .# . .
..# .##.. #.#.
#.##...... ...
#...(..#.#. #
#.###.#.......
#.#..........#.#.
#..........#.... #
####...##@## >#.
##.....#.#
.#.######........#
.................#
.#.#.####........#
#.
.#......##.....#.#
#.
...%....###...#..#
#. .##...#.#
#####.## #.#.
.##...#.# .# #.#.


There were no monsters in sight!

Vanquished Creatures
  Jessica (D:2)
  2 adders (D:2)
  A giant mite (D:1)
  A worm (D:1)
  2 giant geckos
  A giant cockroach (D:1)
  3 goblins
  5 hobgoblins
  4 jackals (D:1)
  A ball python (D:1)
  11 bats
  4 giant newts
  4 kobolds (D:1)
  6 rats
46 creatures vanquished.

Vanquished Creatures (collateral kills)
  An ooze (D:2)
  A hobgoblin (D:2)
2 creatures vanquished.

Grand Total: 48 creatures vanquished

Notes
Turn   | Place    | Note
--------------------------------------------------------------
     0 | D:1      | Quh, the Demonspawn Wizard, began the quest for the Orb.
     0 | D:1      | Reached XP level 1. HP: 13/13 MP: 4/4
   811 | D:1      | Gained mutation: You have sharp toenails. [demonic ancestry]
   811 | D:1      | Reached XP level 2. HP: 19/19 MP: 0/6
  1279 | D:1      | Learned a level 2 spell: Blink
  1282 | D:1      | Learned a level 2 spell: Call Imp
  1285 | D:1      | Learned a level 2 spell: Repel Missiles
  1317 | D:1      | Reached skill level 1 in Translocations
  1376 | D:1      | Reached XP level 3. HP: 24/24 MP: 1/8
  2235 | D:2      | Gained mutation: When hurt, damage is shared between your health and your magic reserves. [demonic ancestry]
  2235 | D:2      | Reached XP level 4. HP: 30/30 MP: 4/9
  2323 | D:2      | Noticed Jessica
  2351 | D:2      | Killed Jessica
  2437 | D:2      | Found an opulent altar of Gozag.
  2516 | D:2      | Quit the game

Action                   |  1- 3 |  4- 6 || total
-------------------------+-------+-------++-------
Melee: Unarmed           |    22 |       ||    22
       Dagger            |    13 |    10 ||    23
 Cast: Magic Dart        |    95 |    17 ||   112
       Call Imp          |       |     4 ||     4
